 Dungeon Crawl Stone Soup version 0.28-a0-1227-ga9037bb4c8 (webtiles) character file.

Game seed: 12001917825814808789

546 ChaosChampion the Magician (level 7, -18/36 HPs)
             Began as a Deep Elf Conjurer on Dec 22, 2021.
             Was an Initiate of Vehumet.
             Demolished by an ogre (20 damage)
             ... on level 5 of the Dungeon.
             The game lasted 00:04:17 (5299 turns).

ChaosChampion the Magician (Deep Elf Conjurer)      Turns: 5299, Time: 00:04:18

Health: -18/36     AC:  2    Str:  4    XL:     7   Next: 6%
Magic:  3/20       EV: 12    Int: 25    God:    Vehumet [......]
Gold:   232        SH:  0    Dex: 13    Spells: 10/21 levels left

rFire   . . .      SeeInvis .   (no weapon)
rCold   . . .      Faith    .   (no shield)
rNeg    . . .      Spirit   .   a - +0 robe
rPois   +          Reflect  .   (no helmet)
rElec   .          Harm     .   (no cloak)
rCorr   .          Rampage  .   (no gloves)
Will    .....                   (no boots)
Stlth   ++........              (no amulet)
HPRegen 0.12/turn               b - ring of poison resistance
MPRegen 0.17/turn               (no ring)

@: no status effects
A: no striking features
a: Renounce Religion


You were on level 5 of the Dungeon.
You worshipped Vehumet.
Vehumet was noncommittal.
You visited 2 branches of the dungeon, and saw 6 of its levels.

You collected 232 gold pieces.

Inventory:

Armour
 a - a +0 robe (worn)
Jewellery
 b - a ring of poison resistance (left hand)
Wands
 o - a wand of digging (5)
 r - a wand of iceblast (9)
Scrolls
 c - 3 scrolls of immolation {unknown}
 d - 3 scrolls of fear {unknown}
 e - a scroll of enchant armour {unknown}
 f - a scroll of brand weapon {unknown}
 g - 2 scrolls of blinking {unknown}
 h - 4 scrolls of identify {unknown}
 i - a scroll of vulnerability {unknown}
 j - a scroll of amnesia {unknown}
 n - a scroll of holy word {unknown}
Potions
 k - a potion of lignification {unknown}
 l - 3 potions of haste {unknown}
 m - a potion of might {unknown}
 p - 2 potions of flight {unknown}
 q - 2 potions of heal wounds {unknown}
 s - 2 potions of mutation {unknown}
 t - a potion of cancellation {unknown}


   Skills:
 - Level 2.4 Dodging
 - Level 2.4 Stealth
 + Level 7.6 Spellcasting
 + Level 6.2 Conjurations
 * Level 3.2 Hexes
 + Level 1.6 Translocations


You had 10 spell levels left.
You knew the following spells:

 Your Spells              Type           Power      Damage    Failure   Level
a - Magic Dart            Conj           100%       1d8       1%          1
b - Searing Ray           Conj           80%        2d7       1%          2
c - Fulminant Prism       Conj/Hex       16%        3d11      9%          4
d - Iskenderun's Mystic   Conj/Tloc      29%        2d7       12%         4

Your spell library contained the following spells:

 Spells                   Type           Power      Damage    Failure   Level
 Dazzling Flash           Conj/Hex       66%        N/A       2%          3
 Silence                  Hex/Air        8%         N/A       65%         5
 Agony                    Necr           9%         N/A       86%         5


Dungeon Overview and Level Annotations

Branches:
Dungeon (5/15)             Temple (1/1) D:4

Altars:
Ashenzari
Cheibriados
Dithmenos
Elyvilon
Fedhas
Gozag
Hepliaklqana
Kikubaaqudgha
Makhleb
Nemelex Xobeh
Okawaru
Qazlal
Ru
Sif Muna
Trog
Uskayaw
Vehumet
Wu Jian
Xom
Yredelemnul
Zin
The Shining One

Shops:
D:4 :

Annotations:
D:5 Blork the orc


Message History

Blork the orc gestures wildly while chanting.
Blork the orc seems to speed up.
Okay, then.
Casting: Iskenderun's Mystic Blast (quite dangerous; 12% risk of failure)
Confirm with . or Enter, or press ? or * to list all spells.
The spell is quite dangerous to miscast (12% risk of failure)!
Continue anyway?
You erupt in a blast of force!
The mystic blast hits the ogre!
The ogre is moderately wounded.
The ogre is knocked back by the mystic blast.
The mystic blast hits the orc warrior!
The orc warrior is heavily wounded.
The orc warrior is knocked back by the mystic blast.
The orc warrior slams into the rock wall!
Casting: Iskenderun's Mystic Blast (quite dangerous; 12% risk of failure)
Confirm with . or Enter, or press ? or * to list all spells.
The spell is quite dangerous to miscast (12% risk of failure)!
Continue anyway?
You erupt in a blast of force!
The mystic blast hits the ogre!
The ogre is heavily wounded.
The ogre is knocked back by the mystic blast.
The mystic blast hits the orc warrior!
The orc warrior is severely wounded.
The orc warrior is knocked back by the mystic blast.
The orc warrior slams into the rock wall!
The orc warrior is almost dead.
Casting: Iskenderun's Mystic Blast (quite dangerous; 12% risk of failure)
Confirm with . or Enter, or press ? or * to list all spells.
The spell is quite dangerous to miscast (12% risk of failure)!
Continue anyway?
You erupt in a blast of force!
The mystic blast hits the ogre.
The ogre is severely wounded.
The mystic blast hits the orc warrior.
The orc warrior is almost dead.
The orc warrior is knocked back by the mystic blast.
The ogre closely misses you.
Blork the orc zaps a wand.
The puff of flame hits you!
* * * LOW HITPOINT WARNING * * *
The ogre barely misses you.
Blork the orc screams, "I'll break your legs!"
The ogre hits you with a +0 giant spiked club!!
Ouch! That really hurt!
You die...

#..!# #...##
#...### ######
#.....## #....#
#?o###.######.##
##o## ##...##.##
##..# ##..#..#
#.O.# #<....##
#..@# #..##..##
#.#..##
##.####..#
#.##...##.## #.##
#..##.....## ###
....##.....###
........#......
##.#......#..####
#.##..##..#..# #
####o<..# ##....#


You could see Blork the orc (fast), an orc warrior and an ogre.

Vanquished Creatures
  A necrophage (D:3)
  A centaur (D:5)
  A howler monkey (D:3)
  2 orc priests (D:3)
  An iguana (D:5)
  2 orc wizards
  A hound skeleton (D:4)
  3 gnolls (D:5)
  6 adders
  A worm (D:3)
  3 dart slugs
  7 orcs
  9 endoplasms
  2 giant cockroaches (D:2)
  5 goblins
  12 hobgoblins
  2 jackals
  11 kobolds
  4 quokkas
  5 ball pythons
  5 bats
  15 frilled lizards
  3 rats
102 creatures vanquished.

Vanquished Creatures (others)
  2 fulminant prisms (D:5)
  6 plants (D:3)
8 creatures vanquished.

Grand Total: 110 creatures vanquished

Notes
Turn   | Place    | Note
-------+----------+-------------------------------------------
     0 | D:1      | ChaosChampion the Deep Elf Conjurer began the quest for the
                  | Orb.
     0 | D:1      | Reached XP level 1. HP: 10/10 MP: 6/6
   337 | D:1      | Reached XP level 2. HP: 15/15 MP: 5/8
   671 | D:1      | Reached skill level 4 in Spellcasting
   976 | D:1      | Found a faded altar of an unknown god.
  1191 | D:2      | Learned a level 2 spell: Searing Ray
  1193 | D:2      | Reached XP level 3. HP: 19/19 MP: 7/10
  1828 | D:2      | Reached skill level 5 in Spellcasting
  1877 | D:2      | Reached skill level 5 in Conjurations
  2601 | D:3      | Reached XP level 4. HP: 24/24 MP: 11/13
  2633 | D:3      | Noticed a necrophage
  2642 | D:3      | Killed a necrophage
  2643 | D:3      | Reached skill level 6 in Spellcasting
  2643 | D:3      | Reached XP level 5. HP: 26/28 MP: 3/15
  3130 | D:3      | Found a snail-covered altar of Cheibriados.
  3130 | D:3      | Found a glowing silver altar of Zin.
  3203 | D:3      | Reached skill level 7 in Spellcasting
  3206 | D:3      | Reached XP level 6. HP: 32/32 MP: 7/18
  3359 | D:3      | Learned a level 4 spell: Fulminant Prism
  3364 | D:3      | Learned a level 4 spell: Iskenderun's Mystic Blast
  3576 | D:3      | Reached skill level 1 in Hexes
  3780 | D:4      | Found Cicviwn's Book Shoppe.
  3842 | D:4      | Found a staircase to the Ecumenical Temple.
  3854 | Temple   | Entered the Ecumenical Temple
  4190 | Temple   | Became a worshipper of Vehumet
  4558 | D:4      | Reached skill level 1 in Translocations
  4817 | D:5      | Entered Level 5 of the Dungeon
  4935 | D:5      | Noticed an acid dragon
  4935 | D:5      | Noticed an orc warrior
  4941 | D:5      | Reached XP level 7. HP: 23/36 MP: 6/20
  5291 | D:5      | Noticed Blork the orc
  5299 | D:5      | Demolished by an ogre

Illustrated notes

Levels and vault maps discovered:
D:1:      lightli_arrival_chessboard, layout_loops_corners,
          hellmonk_ecumenical_altar_heavens_door
D:2:      layout_basic, fountainhead, st_stairs_9, chequers_big_river
D:3:      layout_loops_ring, jmf_multi_god_temple, minmay_lizard_king
D:4:      layout_cave_pools, minmay_temple_entry_offerings, serial_shops, shop
D:5:      layout_layer_cave, minmay_misc_feat_hallway, minmay_joined_circles,
          uniq_blork_the_orc, uniq_edmund
Temple:   mainiacjoe_temple_cubbyholes

Skill      XL: |  1  2  3  4  5  6 |
---------------+-------------------+-----
Spellcasting   | 4 5 6 7 |  7.6
Conjurations   | 5 6 |  6.2
Hexes          | 3 |  3.2
Translocations | 1 |  1.6
Dodging        | |  2.4
Stealth        | |  2.4

Action                   |  1- 3 |  4- 6 |  7- 9 || total
-------------------------+-------+-------+-------++-------
 Cast: Magic Dart        |    89 |    69 |     3 ||   161
       Searing Ray       |       |    17 |     3 ||    20
       Iskenderun's Myst |       |     1 |     4 ||     5
       Fulminant Prism   |       |     1 |     1 ||     2
Armor: Robe              |       |     3 |       ||     3
Dodge: Dodged            |     2 |    14 |     5 ||    21

Table legend: (Time is in decaauts)
 A = Elapsed time spent in this place.
 B = Non-inter-level travel time spent in this place.
 C = Inter-level travel time spent in this place.
 D = Time resting spent in this place.
 E = Time spent auto-exploring this place.
 F = Levels seen in this place.
 G = Mean time per level.
                   A        B        C        D        E       F      G
               +--------+--------+--------+--------+--------+-----+--------+
         Total |   5309 |   5205 |    104 |    232 |   4416 |   6 |  884.8 |
       Dungeon |   4928 |   4844 |     84 |    232 |   4101 |   5 |  985.6 |
        Temple |    380 |    360 |     20 |      0 |    315 |   1 |  380.0 |
               +--------+--------+--------+--------+--------+-----+--------+

Top non-repeatable levels by time:
     D:2: 1400 daAuts
     D:3: 1201 daAuts
     D:1: 1186 daAuts
     D:4: 927 daAuts
  Temple: 380 daAuts
     D:5: 212 daAuts
